 Dungeon Crawl Stone Soup version 0.32-a0-908-g8e5f33bbaa (webtiles) character file.

Game seed: 18281852745333979018

10241 Nvm9 the Fighter (level 11, 0/87 HPs)
             Began as a Coglin Fighter on Apr 6, 2024.
             Succumbed to a killer bee's poison
             ... on level 10 of the Dungeon.
             The game lasted 00:18:43 (9944 turns).

Nvm9 the Fighter (Coglin Fighter)                   Turns: 9944, Time: 00:18:44

Health: 0/87       AC: 24    Str: 24    XL:     11   Next: 59%
Magic:  11/11      EV:  9    Int:  6    God:
Gold:   517        SH:  0    Dex: 16    Spells: 10/10 levels left

rFire   . . .        t - +1 broad axe (venom) {Lucia}
rCold   . . .        m - +0 morningstar (drain) {Shu}
rNeg    . . .        J - +4 plate armour
rPois   .            j - +1 helmet
rElec   .            (no cloak)
rCorr   .            i - +0 pair of gloves
SInv    .            r - +2 pair of boots
Will    .....        (amulet unavailable) Stlth
                     (ring unavailable)
HPRegen 0.34/turn    (ring unavailable)
MPRegen 0.12/turn    (no gizmo)

%: no passive effects
@: lethally poisoned (0 -> -9), revved
A: off-hand wielding, slow wielding, warmup strikes, no jewellery, agile 1,
strong 1
a: Invent Gizmo


You were on level 10 of the Dungeon.
You visited 2 branches of the dungeon, and saw 12 of its levels.

You collected 634 gold pieces.
You spent 117 gold pieces at shops.

Inventory:

Hand Weapons
 a - a +0 war axe {Zhen}
 h - a +0 spear of venom {Eunwoo}
 m - a +0 morningstar of draining (offhand) {Shu}
 t - a +1 broad axe of venom (weapon) {Lucia}
 u - a +1 falchion of protection
 A - a +4 dire flail of freezing
 B - a +6 spear of venom
 F - a +4 long sword of freezing
Missiles
 z - 6 boomerangs
 C - 2 poisoned darts (quivered)
Armour
 i - a +0 pair of gloves (worn)
 j - a +1 helmet (worn)
 r - a +2 pair of boots (worn)
 J - a +4 plate armour (worn)
Wands
 e - a wand of quicksilver (11)
 o - a wand of paralysis (23)
 v - a wand of digging (4)
 y - a wand of mindburst (15)
Scrolls
 b - 4 scrolls of immolation
 c - a scroll of enchant weapon
 d - a scroll of teleportation
 f - 2 scrolls of fear
 g - 2 scrolls of fog
 n - 8 scrolls of identify
 q - a scroll of butterflies
 s - 3 scrolls of vulnerability
 E - a scroll of torment
 G - a scroll of brand weapon
Potions
 l - a potion of resistance
 w - a potion of attraction
 x - 3 potions of brilliance
 D - a potion of enlightenment
 I - a potion of magic


   Skills:
 * Level 8.8 Fighting
 * Level 8.5(9.4) Axes
 * Level 5.7(7.6) Maces & Flails
 * Level 8.1 Armour
 * Level 7.4 Dodging
 - Level 2.1 Shields
 + Level 4.2 Evocations


You had 10 spell levels left.
You didn't know any spells.
Your spell library contained the following spells:

 Spells                   Type           Power      Damage    Failure   Level
 Magic Dart               Conj           0%         1d3       99%         1
 Blink                    Tloc           0%         N/A       100%        2
 Call Imp                 Summ           0%         N/A       100%        2
 Call Canine Familiar     Summ           0%         N/A       100%        3
 Sigil of Binding         Hex            0%         N/A       100%        3
 Dimensional Bullseye     Hex/Tloc       0%         N/A       100%        4
 Summon Forest            Summ/Tloc      0%         N/A       100%        5
 Summon Mana Viper        Hex/Summ       0%         N/A       100%        5
 Summon Cactus Giant      Summ           0%         N/A       100%        6


Dungeon Overview and Level Annotations

Branches:
Dungeon (10/15)            Temple (0/1) D:7            Lair (0/5) D:9
    Orc (2/2) D:9
    Elf: Orc:2

Altars:
Ashenzari
Dithmenos
Makhleb

Shops:
D:2 :   D:3 (:[(:   D:5 =!   Orc:2 (

Annotations:
D:9 exclusion: downstairs


Innate Abilities, Weirdness & Mutations

You can wield a second weapon in your off-hand.
It takes a long time for you to wield or remove held weapons.
Your first few attacks do less damage.
You cannot equip rings or amulets.
You are agile. (Dex +4, Str/Int -1)
Your muscles are strong. (Str +4, Int/Dex -1)


Message History

You impale the yak with your +0 morningstar of draining!!
The yak is heavily wounded.
You slash the yak with your +1 broad axe of venom!
The yak is poisoned.
The yak gores you but does no damage.
Unknown command.
The killer bee buzzes angrily.
You puncture the yak with your +0 morningstar of draining!
You kill the yak!
Unknown command.
You sock the yak with your +0 morningstar of draining!
You drain the yak.
The yak is moderately wounded.
You slash the yak with your +1 broad axe of venom!
The yak is poisoned.
The yak gores you but does no damage.
The killer bee stings you but does no damage.
Unknown command.
You barely miss the yak with your +0 morningstar of draining.
The yak is heavily wounded.
You slash the yak with your +1 broad axe of venom!
You closely miss the killer bee with your +1 broad axe of venom.
The killer bee barely misses you. The yak barely misses you.
The killer bee closely misses you. The yak gores you but does no damage.
You barely miss the yak with your +0 morningstar of draining.
The yak is severely wounded.
You hit the yak but do no damage.
The yak looks as sick as possible!
You slash the killer bee with your +1 broad axe of venom!
The killer bee is poisoned.
The killer bee stings you.
* * * LOW HITPOINT WARNING * * *
You are lethally poisoned!
The killer bee poisons you!
The killer bee stings you but does no damage.
The yak gores you.
* * * LOW HITPOINT WARNING * * *
Unknown command.
You barely miss the yak with your +1 broad axe of venom.
The yak is severely wounded.
You slash the killer bee with your +1 broad axe of venom!
You kill the killer bee!
You hit the yak but do no damage. You drain the yak.
You die...

#.............# ##
#####...#.###.##...
#.)...###.....#
#.##..........#
#.##>...#... ...
..#####.# . . ..
#### #.## ... ..
####..#..# #.
#.Y@.....# #.#
###<#####...#
#..####...# ...#
.#####††....### ..#
......#.....## ##
?.....†..[...##
......†.......#
..............#
..!...........#


You could see a yak (extremely poisoned, drained).

Vanquished Creatures
  Erolcha (D:9)
  2 two-headed ogres
  An ice devil (D:9)
  3 trolls
  Sigmund (D:5)
  A wraith (D:7)
  4 wyverns
  Eustachio (D:5)
  A warg (D:9)
  9 yaks
  A neqoxec (D:9)
  A steam dragon (D:8)
  An acid dragon (D:6)
  2 water moccasins (D:7)
  5 orc warriors
  2 sky beasts
  2 ogres
  3 centaurs
  A phantom (D:5)
  2 gnoll sergeants
  2 bullfrogs
  3 scorpions
  16 wights
  15 killer bees
  A howler monkey (D:9)
  2 crimson imps (D:9)
  A bombardier beetle (D:6)
  An iron imp (D:7)
  5 hounds
  9 orc priests
  2 gnoll boudas (D:5)
  Terence (D:2)
  A sleepcap (D:5)
  Jessica (D:2)
  4 iguanas
  Natasha (twice) (D:2)
  10 orc wizards
  Robin (D:2)
  16 gnolls
  8 adders
  4 shadow imps
  2 white imps (D:7)
  3 ufetubi
  2 ribbon worms
  3 dart slugs
  40 orcs
  10 ball pythons
  2 endoplasms
  2 giant cockroaches
  16 goblins
  11 hobgoblins
  4 jackals (D:3)
  6 kobolds
  8 quokkas
  7 bats
  5 frilled lizards
  12 rats
282 creatures vanquished.

Notes
Turn   | Place    | Note
-------+----------+-------------------------------------------
     0 | D:1      | Nvm9 the Coglin Fighter began the quest for the Orb.
     0 | D:1      | Reached XP level 1. HP: 18/18 MP: 1/1
   142 | D:1      | Reached XP level 2. HP: 23/24 MP: 2/2
   665 | D:1      | Reached XP level 3. HP: 28/29 MP: 3/3
   679 | D:1      | Reached skill level 1 in Dodging
   906 | D:2      | Noticed Jessica
   915 | D:2      | Killed Jessica
   932 | D:2      | Reached XP level 4. HP: 35/35 MP: 4/4
  1064 | D:2      | Found Kanot's Book Shop.
  1091 | D:2      | Noticed Robin
  1103 | D:2      | Killed Robin
  1275 | D:2      | Noticed Terence
  1292 | D:2      | Killed Terence
  1293 | D:2      | Reached XP level 5. HP: 29/42 MP: 5/5
  1390 | D:2      | Noticed Natasha
  1397 | D:2      | Killed Natasha
  1494 | D:2      | Found a faded altar of an unknown god.
  1524 | D:2      | Noticed Natasha
  1532 | D:2      | Killed Natasha
  1639 | D:3      | Found Xerhexzy's Book Shoppe.
  1707 | D:3      | Found Nehopop's Antique Armour Shop.
  1718 | D:3      | Reached XP level 6. HP: 48/48 MP: 6/6
  1780 | D:3      | Found Somacux's Book Shoppe.
  1870 | D:3      | Found Ycitac's Antique Weapon Boutique.
  2022 | D:3      | Found Taoredd's Antique Weapon Shoppe.
  2033 | D:3      | Bought a broad axe for 72 gold pieces
  2205 | D:3      | Gained mutation: You are dopey. (Int -2) [potion of
                  | mutation]
  2205 | D:3      | Gained mutation: You are weak. (Str -2) [potion of
                  | mutation]
  2205 | D:3      | Lost mutation: You are weak. (Str -2) [potion of mutation]
  2755 | D:4      | Reached XP level 7. HP: 22/55 MP: 7/7
  3371 | D:5      | Entered Level 5 of the Dungeon
  3419 | D:5      | Found Fimel's Distillery.
  3439 | D:5      | Bought a potion of curing for 45 gold pieces
  3569 | D:5      | Reached skill level 5 in Fighting
  3760 | D:5      | Noticed Sigmund
  3897 | D:5      | Killed Sigmund
  3898 | D:5      | Reached skill level 5 in Armour
  3898 | D:5      | Reached XP level 8. HP: 63/63 MP: 8/8
  3910 | D:5      | Reached skill level 5 in Axes
  4107 | D:5      | Found Arghilehu's Jewellery Boutique.
  4129 | D:5      | Noticed Eustachio
  4137 | D:5      | Killed Eustachio
  4465 | D:5      | Reached skill level 1 in Maces & Flails
  4585 | D:6      | Reached XP level 9. HP: 49/69 MP: 9/9
  4797 | D:6      | Reached skill level 5 in Dodging
  4804 | D:6      | Found a shadowy altar of Dithmenos.
  5098 | D:6      | Found a broken altar of Ashenzari.
  5139 | D:6      | Lost mutation: You are dopey. (Int -2) [potion of mutation]
  5139 | D:6      | Gained mutation: You are agile. (Dex +4, Str/Int -1)
                  | [potion of mutation]
  5139 | D:6      | Gained mutation: Your muscles are strong. (Str +4, Int/Dex
                  | -1) [potion of mutation]
  5139 | D:6      | Gained mutation: You are robust. (+10% HP) [potion of
                  | mutation]
  5603 | D:7      | Found a staircase to the Ecumenical Temple.
  5881 | D:7      | Found a burning altar of Makhleb.
  6696 | D:8      | Reached XP level 10. HP: 72/86 MP: 10/10
  7635 | D:9      | Reached skill level 1 in Evocations
  7743 | D:9      | Noticed Erolcha
  7751 | D:9      | Killed Erolcha
  7986 | D:9      | Found a staircase to the Orcish Mines.
  8133 | D:9      | Noticed a two-headed ogre
  8134 | D:9      | Found a staircase to the Lair.
  8144 | D:9      | Killed a two-headed ogre
  8145 | D:9      | Reached XP level 11. HP: 64/94 MP: 11/11
  8409 | D:9      | Reached skill level 5 in Maces & Flails
  8891 | Orc:1    | Entered Level 1 of the Orcish Mines
  9160 | Orc:1    | Noticed a two-headed ogre
  9248 | Orc:1    | Killed a two-headed ogre
  9596 | Orc:2    | Entered Level 2 of the Orcish Mines
  9596 | Orc:2    | Noticed an orc knight
  9596 | Orc:2    | Found Qelyo's Antique Weapon Boutique.
  9597 | Orc:2    | Noticed an orc high priest
  9619 | Orc:2    | Noticed an orc knight
  9619 | Orc:2    | Lost mutation: You are robust. (+10% HP) [a neqoxec]
  9809 | D:10     | Entered Level 10 of the Dungeon
  9943 | D:10     | HP: 2/87 [yak (6)]
  9944 | D:10     | Succumbed to a killer bee's poison

Illustrated notes

Levels and vault maps discovered:
D:1:      scummos_arrival_gate, layout_basic
D:2:      kennysheep_big_flooded_room, layout_rooms, serial_shops, shop,
          basic_ecumenical_altar, minmay_octomino_j4, uniq_jessica,
          uniq_terence, uniq_robin, uniq_natasha
D:3:      layout_rooms, serial_shops, shop, shop, shop, shop,
          nicolae_shop_behind_doors, minivault_23, chequers_avenue
D:4:      layout_loops_ring
D:5:      layout_basic, serial_shops, nicolae_shop_pleasant_corner_grove,
          nicolae_shop_industrial_runoff, amcnicky_mini_pool_small,
          uniq_sigmund, uniq_eustachio
D:6:      minmay_general_purpose_star, layout_cave_pools,
          nicolae_overflow_hidden_temple
D:7:      layout_basic, demons_altar, temple_pool_b
D:8:      layout_loops_cross
D:9:      layout_roguey, lair_entry_dummy, orc_0_dummy,
          nicolae_demonic_statue_gallery, uniq_erolcha
D:10:     layout_rooms, uniq_lodul
Orc:1:    layout_caves, nicolae_orc_takin'_care_of_business
Orc:2:    grunt_orc_gardens, layout_caves, grunt_orc_garden, grunt_orc_garden,
          grunt_orc_garden, grunt_orc_garden

Skill      XL: |  1  2  3  4  5  6  7  8  9 10 11 |
---------------+----------------------------------+-----
Armour         | 3 4 5 6 7 8 |  8.1
Dodging        | 1 2 3 4 5 6 7 |  7.4
Axes           | 3 4 5 6 7 8 |  8.5
Fighting       | 4 5 6 7 8 |  8.8
Maces & Flails | 1 3 4 5 |  5.7
Evocations     | 2 4 |  4.2
Shields        | |  2.1

Action                     |  1- 3 |  4- 6 |  7- 9 | 10-12 || total
---------------------------+-------+-------+-------+-------++-------
  Melee: War axe           |   108 |   116 |    76 |       ||   300
         Spear             |       |   104 |       |       ||   104
         Broad axe         |       |    33 |   176 |   172 ||   381
         Morningstar       |       |       |   106 |   180 ||   286
  Throw: Throwing net      |       |       |       |     2 ||     2
         Dart              |       |       |       |     3 ||     3
    Use: Potion            |     4 |     4 |     6 |     6 ||    20
         Scroll            |     3 |     4 |     4 |     2 ||    13
 Armour: Scale mail        |    93 |    22 |       |       ||   115
         Chain mail        |       |    72 |   210 |   154 ||   436
         Plate armour      |       |       |       |    89 ||    89
  Dodge: Dodged            |    52 |    52 |    97 |   168 ||   369
  Block: Buckler           |    28 |     1 |       |       ||    29

Table legend: (Time is in decaauts)
 A = Elapsed time spent in this place.
 B = Non-inter-level travel time spent in this place.
 C = Inter-level travel time spent in this place.
 D = Time resting spent in this place.
 E = Time spent auto-exploring this place.
 F = Levels seen in this place.
 G = Mean time per level.
                   A        B        C        D        E       F      G
               +--------+--------+--------+--------+--------+-----+--------+
         Total |  10145 |   9865 |    280 |   2322 |   5482 |  12 |  845.4 |
       Dungeon |   9564 |   9306 |    258 |   2143 |   5326 |  10 |  956.4 |
  Orcish Mines |    580 |    559 |     21 |    179 |    156 |   2 |  290.0 |
               +--------+--------+--------+--------+--------+-----+--------+

Top non-repeatable levels by time:
     D:9: 1676 daAuts
     D:7: 1351 daAuts
     D:4: 1256 daAuts
     D:5: 1179 daAuts
     D:8: 1009 daAuts
     D:1: 958 daAuts
     D:3: 701 daAuts
     D:2: 680 daAuts
     D:6: 613 daAuts
   Orc:1: 574 daAuts
    D:10: 138 daAuts
   Orc:2: 6 daAuts
